 Dungeon Crawl Stone Soup version 0.30-a0-760-g5a9884bb7c (webtiles) character file.

Game seed: 3938782773505421927

5444 kae the Transmogrifier (level 10, -1/93 HPs)
             Began as a Naga Transmuter on Feb 10, 2023.
             Slain by a seven-headed hydra (2 damage)
             ... on level 8 of the Dungeon.
             The game lasted 00:07:07 (9083 turns).

kae the Transmogrifier (Naga Transmuter)            Turns: 9083, Time: 00:07:07

Health: -1/93      AC:  9    Str: 12    XL:     10   Next: 68%
Magic:  16/19      EV: 10    Int: 18    God:
Gold:   407        SH:  0    Dex: 12    Spells: 12/22 levels left

rFire   x . .      SeeInvis +      - Unarmed
rCold   + + +      Faith    .    (shield currently unavailable)
rNeg    . . .      Spirit   .    (body armour currently unavailable)
rPois   +          Reflect  .    (helmet currently unavailable)
rElec   .          Harm     .    (cloak currently unavailable)
rCorr   .          Rampage  .    (gloves currently unavailable)
Will    +....                    (no barding)
Stlth   +                        (no amulet)
HPRegen 0.35/turn                (no ring)
MPRegen 0.16/turn                (no ring)

@: mighty, ice-form
A: freezing attack, amphibious, boosted hp, AC +3, large, see invisible,
(deformed body), (poison resistance), (slowness 2), spit poison 1, (naga tail 1)
a: Spit Poison, End Transformation


You were on level 8 of the Dungeon.
You were a creature of crystalline ice.
You visited 1 branch of the dungeon, and saw 8 of its levels.

You collected 407 gold pieces.


Innate Abilities, Weirdness & Mutations

You are a creature of crystalline ice.
You have a powerful freezing melee attack.
You are amphibious.
Your maximum health is increased.
Your armour is entirely melded.
You are incapable of wielding weapons or throwing items.
((Your serpentine skin is tough. (AC +3)))
You have supernaturally acute eyesight. (SInv)
((Armour fits poorly on your strangely shaped body.))
((Your system is resistant to poisons. (rPois)))
((You cover ground very slowly.))
You can spit poison.
((You have a snake-like lower body.))


   Skills:
 - Level 1.0 Fighting
 - Level 1.5 Dodging
 + Level 7.4 Unarmed Combat
 + Level 6.5 Spellcasting
 * Level 10.0 Transmutations
 - Level 7.0 Ice Magic
 - Level 3.0 Poison Magic


You had 12 spell levels left.
You knew the following spells:

 Your Spells              Type           Power      Damage    Failure   Level
a - Beastly Appendage     Tmut           82%        N/A       1%          1
b - Wereblood             Tmut           41%        N/A       1%          2
c - Spider Form           Tmut/Pois      29%        N/A       2%          3
d - Ice Form              Ice/Tmut       36%        N/A       3%          4

Your spell library contained the following spells:

 Spells                   Type           Power      Damage    Failure   Level


Inventory:

Missiles
 h - 63 stones
 m - 26 poisoned darts
 r - 2 throwing nets {=f!f}
 v - 6 boomerangs
Armour
 a - a +0 robe (melded)
 c - a +2 pair of gloves (melded)
   (You found it on level 2 of the Dungeon)
Magical Staves
 i - a staff of conjuration {!a}
   (You found it on level 2 of the Dungeon)
 k - a staff of death {!a}
   (You found it on level 4 of the Dungeon)
Wands
 p - a wand of polymorph (9)
   (You found it on level 5 of the Dungeon)
 w - a wand of flame (12)
   (You took it off Duvessa on level 6 of the Dungeon)
 A - a wand of charming (4)
   (You found it on level 8 of the Dungeon)
Scrolls
 e - 4 scrolls of teleportation {@r4}
 f - 5 scrolls of vulnerability {!r!r}
 n - a scroll of enchant weapon
 o - a scroll of poison
 t - 2 scrolls of identify {@r1}
 y - 2 scrolls of magic mapping {!r}
 z - a scroll of butterflies
 B - a scroll of blinking {!r}
Potions
 b - a potion of lignification {!q}
 d - 5 potions of curing {@q1}
 j - 5 potions of degeneration {!q}
 l - 3 potions of flight
 q - 2 potions of attraction {!q}
 s - 2 potions of magic
 u - a potion of cancellation
 x - a potion of haste {@q3}
 C - a potion of resistance {unknown}

Dungeon Overview and Level Annotations

Branches:
Dungeon (8/15) Zot: 26501  Temple (0/1) D:7
   Lair: D:8-11

Altars:
Fedhas
Hepliaklqana
Ru
Wu Jian
Zin

Shops:
D:5 (

Annotations:
D:3 1 runed translucent door, NigelTetley's ghost, weakling VSFi

#....###.#####..#####.#
#.>....^...........##.#
#.....##.####...##.##.#
#####...........##.##.###
.......................#
.#######)###.#.#######.#
#.#.##..# ...P#.#
#†..#.#B#$###.#.#
#.#####YD.#i'.#.#
#[...##.#.###.#.# #
#..#....# ...P#.#
#..###+###.#.#.#.#######.#
#..........#)#.#.........#
#...##.####..##.##..#.##.#
#..####...##.#.#.#.###.#.#
##
#........#####.#.#####...#
##.
#..##.#.#.#...#.#.###..#.#
##..


You could see a boulder beetle, a seven-headed hydra and a spriggan.


Message History

A wight is nearby!
You hit the wight.
You destroy the wight!
No target in view!
You now have 92 max hp (+1).
Things that are here:
a +0 long sword; a +0 robe Key pressed, stopping explore.
No target in view!
No target in view! 😎 HP[+5] MP[+4]
Your hp is fully restored (92).
Your mp is fully restored (19).
Your transformation is almost over.
You warm up again.
Your +2 pair of gloves unmelds from your body.
Your +0 robe unmelds from your body.
You open the door.
A seven-headed hydra, a hornet, a boulder beetle and a centaur warrior come into view.
The seven-headed hydra roars!
The hornet buzzes angrily.
The hornet moves out of view. 😎 HP[-15]
You now have 77 max hp (-15).
There are monsters nearby!
There are monsters nearby!
There are monsters nearby!
There are monsters nearby!
Casting: Ice Form (dangerous; 3% risk of failure)
Confirm with . or Enter, or press ? or * to list all spells.
You turn into a creature of crystalline ice.
Your +2 pair of gloves melds into your body.
Your +0 robe melds into your body. 😎 HP[+15] MP[-4]
You now have 92 max hp (+15).
Your hp is fully restored (92).
You lost 4 mp, and now have 15/19 mp.
You feel very mighty all of a sudden.
The centaur warrior hits you but does no damage.
The centaur warrior kicks you but does no damage.
The centaur warrior barely misses you. The centaur warrior closely misses you.
You pummel the centaur warrior!! You freeze the centaur warrior.
The centaur warrior hits you!
The centaur warrior kicks you but does no damage.
You barely miss the centaur warrior. The centaur warrior hits you!
The centaur warrior kicks you. 😕 HP[-21]
You take 21 damage, and now have 71/92 hp.
MASSIVE DAMAGE!! (PAUSE)
You completely miss the centaur warrior.
The centaur warrior hits you but does no damage.
The centaur warrior barely misses you.
A spriggan breaks down the door.
The centaur warrior hits you!
The centaur warrior kicks you but does no damage.
A spriggan comes into view.
The boulder beetle leaps! 😮 HP[-9] MP[+1]
You take 9 damage, and now have 62/92 hp.
Unknown command.
You barely miss the centaur warrior.
The centaur warrior hits you but does no damage.
The centaur warrior kicks you but does no damage.
Unknown command.
You punch the centaur warrior! You freeze the centaur warrior.
The centaur warrior barely misses you.
The centaur warrior kicks you but does no damage.
The centaur warrior hits you!
The centaur warrior kicks you but does no damage. 😮 HP[-9]
You take 9 damage, and now have 53/92 hp.
Unknown command.
You punch the centaur warrior! You freeze the centaur warrior.
The centaur warrior hits you!
* * * LOW HITPOINT WARNING * * *
The centaur warrior kicks you but does no damage. 😨 HP[-11]
You take 11 damage, and now have 42/92 hp.
Unknown command.
You punch the centaur warrior! You freeze the centaur warrior.
You kill the centaur warrior!
Your life force feels restored.
Your Transmutations skill increases to level 10!
You now have 93 max hp (+1).
You pummel the seven-headed hydra!! You freeze the seven-headed hydra.
The seven-headed hydra bites you.
* * * LOW HITPOINT WARNING * * *
The seven-headed hydra bites you!
* * * LOW HITPOINT WARNING * * *
The seven-headed hydra bites you!
* * * LOW HITPOINT WARNING * * *
The seven-headed hydra barely misses you.
The seven-headed hydra bites you!
* * * LOW HITPOINT WARNING * * *
The seven-headed hydra barely misses you.
The seven-headed hydra bites you but does no damage. 😱 HP[-41]
You take 41 damage, and now have 1/93 hp.
MASSIVE DAMAGE!! (PAUSE)
You punch the seven-headed hydra! You freeze the seven-headed hydra.
The seven-headed hydra bites you but does no damage.
The seven-headed hydra bites you.
* * * LOW HITPOINT WARNING * * *
The seven-headed hydra bites you.
You die...

Skill      XL: |  1  2  3  4  5  6  7  8  9 10 |
---------------+-------------------------------+-----
Transmutations | 3 4 5 6 7 8 10 | 10.0
Poison Magic   | 1 2 3 |  3.0
Unarmed Combat | 4 5 6 7 |  7.4
Spellcasting   | 3 4 5 6 |  6.5
Ice Magic      | 1 4 6 7 |  7.0
Fighting       | |  1.0
Dodging        | |  1.5

Action                     |  1- 3 |  4- 6 |  7- 9 | 10-12 || total
---------------------------+-------+-------+-------+-------++-------
  Melee: Unarmed           |   104 |   131 |   266 |   128 ||   629
         Headbutt          |     8 |     6 |       |       ||    14
         Punch             |     5 |     1 |       |       ||     6
   Cast: Beastly Appendage |    17 |    14 |       |       ||    31
         Wereblood         |     1 |     1 |     4 |     2 ||     8
         Spider Form       |     2 |    10 |    19 |       ||    31
         Ice Form          |       |     1 |    23 |    10 ||    34
Ability: Spit Poison       |     2 |       |       |       ||     2
    Use: Scroll            |     7 |     6 |     5 |     2 ||    20
         Potion            |       |     1 |     1 |     1 ||     3
   Stab: Distracted        |       |     1 |       |       ||     1
         Invisible         |       |       |     1 |       ||     1
 Armour: Robe              |    41 |    25 |     3 |     1 ||    70
         Skin              |     2 |     5 |    88 |    71 ||   166
  Dodge: Dodged            |    77 |    67 |   194 |    48 ||   386

Levels and vault maps discovered:
D:1:      mrwooster_arrival_statue_2, layout_loops_cross
D:2:      layout_loops_ring, hellmonk_ecumenical_altar_crossroads,
          grunt_ministairs_5, minmay_diced_spiral
D:3:      layout_basic, ebering_ghost_reflecting_pool, roderic_lattice_a
D:4:      layout_loops_ring, nicolae_ru_great_annihilating_truth
D:5:      layout_gridville, mainiacjoe_overflow_swirl, kennysheep_mini_moat,
          serial_shops, nicolae_inconvenience_store, st_stairs_4,
          uniq_blork_the_orc
D:6:      layout_cave_pools, uniq_maggie, uniq_duvessa, uniq_grinder
D:7:      layout_loops_ring, lemuel_crystal_altar,
          minmay_temple_entry_overgrown, serial_rivers,
          chequers_serial_rivers_micro_a, chequers_serial_rivers_small_3,
          chequers_serial_rivers_micro_c, chequers_serial_rivers_micro_d,
          chequers_serial_rivers_large_a
D:8:      layout_loops_cross, minmay_shattered_shrine

Notes
Turn   | Place    | Note
-------+----------+-------------------------------------------
     0 | D:1      | kae the Naga Transmuter began the quest for the Orb.
     0 | D:1      | Reached XP level 1. HP: 18/18 MP: 3/3
     0 | D:1      | magus.rc [v1.11.3]
   291 | D:1      | HP: 3/18 [kobold/+0 short sword (4)]
   439 | D:1      | Reached XP level 2. HP: 16/25 MP: 3/5
   838 | D:2      | Learned a level 2 spell: Wereblood
   878 | D:2      | Found a faded altar of an unknown god.
   920 | D:2      | Reached XP level 3. HP: 15/31 MP: 3/6
  1028 | D:2      | Learned a level 3 spell: Spider Form
  1227 | D:2      | Reached skill level 3 in Transmutations
  1235 | D:2      | Reached skill level 1 in Poison Magic
  1539 | D:2      | Reached XP level 4. HP: 38/38 MP: 5/7
  1985 | D:3      | Found a runed translucent door.
  1990 | D:3      | Noticed NigelTetley's ghost (weakling VSFi)
  2847 | D:4      | Noticed a scorpion
  2863 | D:4      | Killed a scorpion
  2863 | D:4      | HP: 8/38 [gnoll/+0 spear (5)]
  2864 | D:4      | Reached skill level 2 in Poison Magic
  2864 | D:4      | Reached XP level 5. HP: 9/44 MP: 1/9
  2993 | D:4      | Reached skill level 3 in Poison Magic
  3030 | D:4      | Noticed a phantom
  3045 | D:3      | Reached skill level 4 in Transmutations
  3045 | D:3      | Reached XP level 6. HP: 16/51 MP: 7/10
  3292 | D:3      | Learned a level 4 spell: Ice Form
  3324 | D:4      | Reached skill level 4 in Unarmed Combat
  3324 | D:4      | Reached skill level 3 in Spellcasting
  3611 | D:4      | Reached skill level 5 in Transmutations
  3611 | D:4      | Reached XP level 7. HP: 50/57 MP: 8/12
  3746 | D:4      | Found a sacrificial altar of Ru.
  4389 | D:5      | Entered Level 5 of the Dungeon
  4389 | D:5      | Noticed Blork the orc
  4396 | D:5      | Killed Blork the orc
  4493 | D:5      | Reached skill level 1 in Ice Magic
  4496 | D:5      | Reached skill level 4 in Spellcasting
  4580 | D:5      | Reached skill level 5 in Unarmed Combat
  4580 | D:5      | Reached skill level 6 in Transmutations
  4694 | D:5      | Reached XP level 8. HP: 64/64 MP: 10/14
  4797 | D:5      | Found Wiycoih's Antique Weapon Shoppe.
  4810 | D:5      | Reached skill level 2 in Ice Magic
  5014 | D:5      | HP: 18/76 [gnoll/+0 spear[a gnoll bouda] (6)]
  5309 | D:5      | Found a glowing silver altar of Zin.
  5381 | D:5      | Found a hazy altar of Hepliaklqana.
  5587 | D:5      | Reached skill level 3 in Ice Magic
  5764 | D:5      | Found a blossoming altar of Fedhas.
  5974 | D:6      | HP: 19/76 [orc/+0 trident (4)]
  6256 | D:6      | Noticed Grinder
  6268 | D:6      | Killed Grinder
  6269 | D:6      | Reached skill level 7 in Transmutations
  6269 | D:6      | Reached skill level 4 in Ice Magic
  6306 | D:6      | Reached XP level 9. HP: 70/70 MP: 12/16
  6381 | D:6      | Reached skill level 5 in Spellcasting
  6587 | D:6      | Reached skill level 6 in Unarmed Combat
  6587 | D:6      | Reached skill level 5 in Ice Magic
  6770 | D:6      | Noticed Maggie
  6829 | D:6      | Killed Maggie
  6830 | D:6      | Reached skill level 8 in Transmutations
  7044 | D:6      | Noticed Dowan
  7045 | D:6      | Noticed Duvessa
  7205 | D:6      | Killed Duvessa
  7210 | D:6      | Killed Dowan
  7575 | D:7      | Found an ornate altar of the Wu Jian Council.
  7582 | D:7      | Reached skill level 6 in Ice Magic
  7684 | D:7      | Reached XP level 10. HP: 78/78 MP: 13/18
  7829 | D:7      | Reached skill level 9 in Transmutations
  8238 | D:7      | Found a staircase to the Ecumenical Temple.
  8356 | D:7      | Reached skill level 7 in Ice Magic
  8357 | D:7      | Reached skill level 6 in Spellcasting
  8375 | D:7      | Reached skill level 7 in Unarmed Combat
  9071 | D:8      | Noticed a seven-headed hydra
  9071 | D:8      | Noticed a boulder beetle
  9071 | D:8      | Noticed a centaur warrior
  9081 | D:8      | Killed a centaur warrior
  9082 | D:8      | Reached skill level 10 in Transmutations
  9082 | D:8      | HP: 23/93 [seven-headed hydra (14)]
  9082 | D:8      | HP: 1/93 [seven-headed hydra (13)]
  9083 | D:8      | Slain by a seven-headed hydra

Vanquished Creatures
  A centaur warrior (D:8)
  Maggie (D:6)
  Grinder (D:6)
  A wyvern (D:7)
  4 yaks (D:7)
  A steam dragon (D:6)
  3 water moccasins
  Duvessa (D:6)
  2 ice beasts
  A black bear (D:7)
  3 centaurs
  3 ogres (D:5)
  3 phantoms
  A bullfrog (D:8)
  Blork the orc (D:5)
  A kobold brigand (D:7)
  2 necrophages
  3 scorpions
  3 wights (D:8)
  Dowan (D:6)
  4 killer bees (D:7)
  9 orc priests
  4 gnoll boudas
  4 hounds
  4 jellies
  8 iguanas
  8 orc wizards
  13 gnolls
  5 adders
  A white imp (D:8)
  An ufetubus (D:5)
  A dart slug (D:1)
  28 orcs
  6 ball pythons
  5 endoplasms
  2 giant cockroaches (D:1)
  8 goblins
  6 hobgoblins
  3 jackals (D:2)
  4 quokkas
  4 bats
  4 frilled lizards
  14 kobolds
  3 rats
186 creatures vanquished.

Table legend:
 A = Non-vault XP
 B = Vault XP
 C = Vault XP percentage of total XP
 D = Non-vault monster count
 E = Vault monster count
 F = Vault count percentage of total count
                 A         B        C        D         E       F
            +---------+---------+-------+---------+---------+-------
      Total |    5558 |    2220 |  28.5 |     164 |      22 |  11.8
            +---------+---------+-------+---------+---------+-------
        D:1 |      25 |       0 |   0.0 |      14 |       0 |   0.0
        D:2 |      49 |      10 |  16.9 |      14 |       6 |  30.0
        D:3 |      61 |       0 |   0.0 |      15 |       0 |   0.0
        D:4 |     615 |      40 |   6.1 |      26 |       4 |  13.3
        D:5 |     773 |     280 |  26.6 |      29 |       4 |  12.1
        D:6 |    1265 |     878 |  41.0 |      20 |       4 |  16.7
        D:7 |    2074 |       0 |   0.0 |      32 |       0 |   0.0
        D:8 |     696 |    1012 |  59.3 |      14 |       4 |  22.2
            +---------+---------+-------+---------+---------+-------

Illustrated notes

Table legend:
 A = Kills in this place as a percentage of kills in entire the game.
 B = Kills by you in this place as a percentage of kills by you in the entire game.
 C = Kills by friends in this place as a percentage of kills by friends in the entire game.
 D = Other kills in this place as a percentage of other kills in the entire game.
 E = Experience gained in this place as a percentage of experience gained in the entire game.
 F = Experience gained in this place divided by the number of levels of this place that you have seen.
                   A       B       C       D       E      F
               +-------+-------+-------+-------+-------+----------------------
         Total | 100.0 | 100.0 |   N/A |   N/A | 100.0 | 972.2
       Dungeon | 100.0 | 100.0 |   N/A |   N/A | 100.0 | 972.2
               +-------+-------+-------+-------+-------+----------------------

Table legend: (Time is in decaauts)
 A = Elapsed time spent in this place.
 B = Non-inter-level travel time spent in this place.
 C = Inter-level travel time spent in this place.
 D = Time resting spent in this place.
 E = Time spent auto-exploring this place.
 F = Levels seen in this place.
 G = Mean time per level.
                   A        B        C        D        E       F      G
               +--------+--------+--------+--------+--------+-----+--------+
         Total |  10706 |  10295 |    411 |    372 |   8498 |   8 | 1338.2 |
       Dungeon |  10706 |  10295 |    411 |    372 |   8498 |   8 | 1338.2 |
               +--------+--------+--------+--------+--------+-----+--------+

Top non-repeatable levels by time:
     D:5: 2115 daAuts
     D:4: 1503 daAuts
     D:3: 1465 daAuts
     D:2: 1380 daAuts
     D:6: 1366 daAuts
     D:7: 1324 daAuts
     D:1: 1053 daAuts
     D:8: 497 daAuts
